 Dungeon Crawl Stone Soup version 0.24-a0-205-g1d96822 (webtiles) character file.

Game seed: 10090064155885884949

7 Mgcat the Skirmisher (level 1, -1/18 HPs)
             Began as a Mummy Berserker on Mar 28, 2019.
             Was a Follower of Trog.
             Slain by a goblin
             ... wielding a +0 club
              (3 damage)
             ... on level 1 of the Dungeon.
             The game lasted 00:01:10 (190 turns).

Mgcat the Skirmisher (Mummy Berserker)               Turns: 190, Time: 00:01:11

Health: -1/18      AC:  2    Str: 20    XL:     1   Next: 91%
Magic:  1/1        EV: 12    Int:  6    God:    Trog [*.....]
Gold:   15         SH:  0    Dex: 11    Spells: 0/0 levels left

rFire    x . .     SeeInvis .   a - +0 mace
rCold    + . .     Gourm    .   (no shield)
rNeg     + + +     Faith    .   c - +0 animal skin
rPois    ∞         Spirit   .   (no helmet)
rElec    .         Reflect  .   (no cloak)
rCorr    .         Harm     .   (no gloves)
MR       .....                  (no boots)
Stlth    +.........             (no amulet)
HPRegen  0.06/turn              (no ring)
MPRegen  0.07/turn              (no ring)

@: no status effects
A: no food or potions, fire vulnerability, cold resistance 1, negative energy
resistance 3, torment resistance, unbreathing
a: Renounce Religion


You were on level 1 of the Dungeon.
You worshipped Trog.
Trog was aware of your devotion.
You were not hungry.

You visited 1 branch of the dungeon, and saw 1 of its levels.

You collected 15 gold pieces.

Inventory:

Hand Weapons
 a - a +0 mace (weapon)
 b - a +0 hunting sling
   (You found it on level 1 of the Dungeon)
Missiles
 e - 40 stones (quivered)
Armour
 c - a +0 animal skin (worn)
Scrolls
 d - a scroll of amnesia {unknown}


   Skills:
 + Level 3.1 Fighting
 + Level 2.5 Maces & Flails
 - Level 1.5 Armour
 - Level 1.5 Dodging
 + Level 0.6 Stealth


You couldn't memorise any spells.
You didn't know any spells.
Your spell library was empty.

Dungeon Overview and Level Annotations

Branches:
Dungeon (1/15)

Altars:


Innate Abilities, Weirdness & Mutations

You do not eat or drink.
Your flesh is vulnerable to fire.
You are immune to poison.
Your flesh is cold resistant. (rC+)
You are immune to negative energy. (rN+++)
You are immune to unholy pain and torment.
You can survive without breathing.


Message History

Warning x2: The jackal is fast!
The jackal (wandering) is fast!
The jackal barks!
Warning x2: The jackal is fast! x2
You miss the jackal. The jackal closely misses you. The jackal bites you.
You take 1 damage, and have 17/18 hp.
Warning x3: The jackal is fast! x2
The jackal (wandering) is fast!
The jackal barks!
You hit the jackal.
The jackal is moderately wounded.
The jackal bites you. x2
You take 3 damage, and have 14/18 hp.
Warning x3: The jackal is fast! x3
You barely miss the jackal.
The jackal is moderately wounded.
The jackal barely misses you. x2
You closely miss the jackal.
The jackal is moderately wounded.
The jackal bites you but does no damage.
The jackal closely misses you. The jackal barely misses you.
A giant cockroach comes into view.
Danger x4: jackal x3, giant cockroach!
The jackal bites you.
You take 3 damage, and have 12/18 hp.
The jackal closely misses you.
Warning x3: The jackal is fast! x3
The jackal pauses to sniff the ground.
You are too injured to fight recklessly!
You are too injured to fight recklessly!
You can't drink.
Unknown command.
Unknown command.
Warning x3: The jackal is fast! x3
You hit the jackal.
You kill the jackal!
Trog accepts your kill.
Warning x2: The jackal is fast! x2
You hit the jackal but do no damage.
The jackal is moderately wounded.
The jackal completely misses you. The jackal closely misses you.
Warning x3: The jackal is fast! x2
The giant cockroach is fast!
You closely miss the jackal.
The jackal is moderately wounded.
The jackal barely misses you.
You closely miss the jackal.
The jackal is moderately wounded.
The jackal bites you but does no damage.
The jackal barely misses you.
Warning x3: The jackal is fast! x2
The giant cockroach is fast!
Okay, then.
You closely miss the jackal.
The jackal is moderately wounded.
The jackal bites you. x2
You take 5 damage, and have 7/18 hp.
MASSIVE DAMAGE!!
You closely miss the jackal.
The jackal is moderately wounded.
The jackal barely misses you.
The jackal bites you but does no damage.
Warning x3: The jackal is fast! x2
The giant cockroach is fast!
Unknown command.
You barely miss the jackal.
The jackal is moderately wounded.
The jackal bites you.
* * * LOW HITPOINT WARNING * * *
You take 2 damage, and have 5/18 hp.
Warning x3: The jackal is fast! x2
The giant cockroach is fast!
The jackal barely misses you. The jackal misses you.
The jackal barely misses you. The jackal completely misses you.
You see here 18 stones.
The jackal bites you but does no damage.
The jackal completely misses you.
Warning x3: The jackal is fast! x2
The giant cockroach is fast!
The jackal closely misses you.
The jackal bites you but does no damage.
The jackal closely misses you.
You see here 16 gold pieces.
The jackal bites you.
You take 1 damage, and have 6/18 hp.
Warning x3: The jackal is fast! x2
The giant cockroach is fast!
You open the door. The jackal bites you.
* * * LOW HITPOINT WARNING * * *
The jackal barely misses you.
You take 1 damage, and have 5/18 hp.
A goblin comes into view. It is wielding a +0 club.
The goblin shouts!
The jackal barely misses you.
There is an open door here.
Warning x3: The jackal is fast! x2
The giant cockroach is fast!
The jackal bites you.
* * * LOW HITPOINT WARNING * * *
You take 3 damage, and have 2/18 hp.
You hit the goblin.
The goblin is heavily wounded.
The jackal barely misses you. The goblin hits you but does no damage.
The jackal barely misses you.
Warning x3: The jackal is fast! x2
The giant cockroach is fast!
The goblin misses you. The goblin hits you with a +0 club.
You die...

## ### #### # ##########....
..###.#.# ## ..
#..............##......##...#
...###.....### ......#......#..
###.....####...####........#..#
..###+###.......@h###....##..##
....+.+......⌠...gh.s.........#
..###'###.........###........##
###.....####..%####...........#
......#....#####.........$..###
#
.....#..##........#....#....##
#
#.....#..##............####..##
# ###..###.###..###....###
#...# # ####.# ######.# ####)##
###.# #


You could see 2 jackals, a giant cockroach and a goblin.

Vanquished Creatures
  A goblin (D:1)
  A hobgoblin (D:1)
  2 jackals (D:1)
  A frilled lizard (D:1)
  2 rats (D:1)
7 creatures vanquished.

Notes
Turn   | Place    | Note
-------+----------+-------------------------------------------
     0 | D:1      | Mgcat the Mummy Berserker began the quest for the Orb.
     0 | D:1      | Reached XP level 1. HP: 18/18 MP: 1/1
   186 | D:1      | HP: 2/18 [jackal (3)]
   190 | D:1      | Slain by a goblin

Levels and vault maps discovered:
D:1:      elethiomel_arrival_infinity_welcomes_careful_drivers,
          layout_loops_corners, minivault_24

Action                   || total
-------------------------++-------
Melee: Mace              ||    21
 Stab: Sleeping          ||     1
Armor: Animal skin       ||     6
Dodge: Dodged            ||    27

Table legend:
 A = Non-vault XP
 B = Vault XP
 C = Vault XP percentage of total XP
 D = Non-vault monster count
 E = Vault monster count
 F = Vault count percentage of total count
                 A         B        C        D         E       F
            +---------+---------+-------+---------+---------+-------
      Total |      11 |       0 |   0.0 |       7 |       0 |   0.0
            +---------+---------+-------+---------+---------+-------
        D:1 |      11 |       0 |   0.0 |       7 |       0 |   0.0
            +---------+---------+-------+---------+---------+-------

Levels and vault maps discovered:
D:1:      elethiomel_arrival_infinity_welcomes_careful_drivers,
          layout_loops_corners, minivault_24

Table legend:
 A = Turns spent in this place as a percentage of turns spent in the entire game.
 B = Non-inter-level travel turns spent in this place as a percentage of non-inter-level travel turns spent in the entire game.
 C = Inter-level travel turns spent in this place as a percentage of turns spent in this place.
 D = Turns resting spent in this place as a percentage of non-inter-level travel turns spent in this place.
 E = Turns spent auto-exploring this place as a percentage of non-inter-level travel turns spent in this place.
 F = Non-inter-level travel turns spent in this place divided by the number of levels of this place that you've seen.
                   A       B       C       D       E      F
               +-------+-------+-------+-------+-------+----------------------
         Total | 100.0 | 100.0 |   0.0 |   7.4 |  41.6 | 190.0
       Dungeon | 100.0 | 100.0 |   0.0 |   7.4 |  41.6 | 190.0
               +-------+-------+-------+-------+-------+----------------------

Table legend:
 A = Kills in this place as a percentage of kills in entire the game.
 B = Kills by you in this place as a percentage of kills by you in the entire game.
 C = Kills by friends in this place as a percentage of kills by friends in the entire game.
 D = Other kills in this place as a percentage of other kills in the entire game.
 E = Experience gained in this place as a percentage of experience gained in the entire game.
 F = Experience gained in this place divided by the number of levels of this place that you have seen.
                   A       B       C       D       E      F
               +-------+-------+-------+-------+-------+----------------------
         Total | 100.0 | 100.0 |   N/A |   N/A | 100.0 |  11.0
       Dungeon | 100.0 | 100.0 |   N/A |   N/A | 100.0 |  11.0
               +-------+-------+-------+-------+-------+----------------------
